 Dungeon Crawl Stone Soup version 0.32-a0-599-gba8f9cf90e (webtiles) character file.

Game seed: 3580770961551901543

9825 backslashecho the Cleaver (level 11, 0/133 HPs)
             Began as a Coglin Berserker on Mar 2, 2024.
             Was an Elder of Trog.
             Slain by DiddlyDoom's ghost (26 damage)
             ... on level 10 of the Dungeon.
             The game lasted 00:23:20 (11204 turns).

backslashecho the Cleaver (Coglin Berserker)       Turns: 11204, Time: 00:23:21

Health: 0/133      AC: 11    Str: 22    XL:     11   Next: 52%
Magic:  11/11      EV: 12    Int:  6    God:    Trog [****..]
Gold:   224        SH:  0    Dex: 14    Spells: 10/10 levels left

rFire   . . .        D - +2 war axe {Yashnoor}
rCold   . . .        a - +4 short sword (venom) {Sebastián}
rNeg    . . .        z - +0 acid dragon scales
rPois   .            (no helmet)
rElec   +            c - +2 cloak {Stlth+}
rCorr   +            (no gloves)
SInv    .            F - +0 pair of boots "Rawil" {Harm rElec}
Will    .....        (amulet unavailable) Stlth
                     (ring unavailable)
HPRegen 0.42/turn    (ring unavailable)
MPRegen 0.12/turn    (no gizmo)

%: harm (+30% outgoing, +20% incoming)
@: berserking, revved, very quick
A: off-hand wielding, slow wielding, warmup strikes, no jewellery
a: Invent Gizmo, Renounce Religion, Berserk, Trog's Hand, Brothers in Arms


You were on level 10 of the Dungeon.
You worshipped Trog.
Trog was greatly pleased with you.
You visited 1 branch of the dungeon, and saw 10 of its levels.

You collected 440 gold pieces.
You spent 216 gold pieces at shops.

Inventory:

Hand Weapons
 a - a +4 short sword of venom (offhand) {Sebastián}
 h - a +5 flail
 D - a +2 war axe (weapon) {Yashnoor}
Missiles
 s - 8 curare-tipped darts
 v - 21 poisoned darts (quivered)
Armour
 c - a +2 cloak of stealth (worn)
 z - +0 acid dragon scales (worn)
 F - the +0 pair of boots "Rawil" (worn) {Harm rElec}
   (You found it on level 8 of the Dungeon)

   rElec:     It insulates you from electricity.
   Harm:      It increases damage dealt and taken.
Wands
 g - a wand of polymorph (19)
 y - a wand of flame (36)
 A - a wand of quicksilver (8)
Scrolls
 b - 3 scrolls of enchant armour {unknown}
 e - 4 scrolls of vulnerability {unknown}
 i - 2 scrolls of immolation {unknown}
 j - 5 scrolls of teleportation {unknown}
 k - 2 scrolls of poison {unknown}
 l - 2 scrolls of fog {unknown}
 n - a scroll of noise {unknown}
 o - 3 scrolls of enchant weapon
 q - 2 scrolls of brand weapon {unknown}
 r - a scroll of blinking
 t - a scroll of revelation
 x - 2 scrolls of silence
 B - a scroll of identify
 E - a scroll of acquirement {unknown}
Potions
 d - a potion of heal wounds
 f - 4 potions of enlightenment
 m - 3 potions of might
 p - a potion of lignification
 u - 2 potions of invisibility
 w - a potion of attraction {unknown}
 C - a potion of brilliance {unknown}
 G - 4 potions of curing
 H - a potion of mutation {unknown}
 I - a potion of resistance {unknown}


   Skills:
 - Level 9.0 Fighting
 - Level 2.0 Short Blades
 * Level 13.7(14.1) Axes
 - Level 5.3(9.7) Polearms
 + Level 4.7 Armour
 - Level 2.0 Dodging


You had 10 spell levels left.
You didn't know any spells.
Your spell library was empty.

Dungeon Overview and Level Annotations

Branches:
Dungeon (10/15)            Temple (0/1) D:7            Lair (0/5) D:9
    Orc: D:9-12

Altars:
Ashenzari
Cheibriados
Elyvilon
Fedhas
Gozag
Hepliaklqana
Kikubaaqudgha
Nemelex Xobeh
Sif Muna
Trog
Xom
The Shining One

Shops:
D:5 **(   D:7 *   D:10 *

Annotations:
D:7 exclusion: door
D:10 DiddlyDoom's ghost, journeyman GrBe


Innate Abilities, Weirdness & Mutations

You can wield a second weapon in your off-hand.
It takes a long time for you to wield or remove held weapons.
Your first few attacks do less damage.
You cannot equip rings or amulets.


Message History

Search for what [Enter for "venom", or ? for help]? flaming
Found a stone staircase leading down.
Found a stone staircase leading down.
You open the door.
Found a stone staircase leading down.
You open the door.
There is an open door here.
y - a wand of flame (36) (gained 6 charges)
You open the door.
There is an open door here.
G - 4 potions of curing (gained 1)
i - 2 scrolls labelled UPRORY BUABB (gained 1)
You open the door.
There is an open door here.
You open the door.
There is an open door here.
You open the door.
There is an open door here.
There is an open door here.
There is an open door here.
There is an open door here.
There is an open door here.
Things that are here:
a +0 scimitar; a +0 shortbow; a centaur skeleton You open the door.
There is an open door here.
Key pressed, stopping explore.
There is an open door here.
Could not explore, unopened runed door.
DiddlyDoom's ghost turns its malevolent gaze towards you.
As you open the gate, it creaks loudly!
DiddlyDoom's ghost twirls its quarterstaff.
The shadow slips into darkness.
The shadow flickers and vanishes!
Deactivating autopickup; reactivate with Ctrl-A.
A red film seems to cover your vision as you go berserk!
You feel yourself moving faster!
You feel mighty!
You now have 133/133 hp.
You hit the wraith with your +2 war axe.
The wraith is lightly damaged.
You slash the freezing wraith with your +2 war axe!
You hit the wraith but do no damage. The freezing wraith hits you!
The freezing wraith freezes you!! The freezing wraith closely misses you.
The wraith hits you but does no damage.
You take 34 damage, and have 99/133 hp.
MASSIVE DAMAGE!!
You slice the freezing wraith with your +2 war axe!!
You destroy the freezing wraith!
Trog accepts your kill.
You closely miss the wraith with your +2 war axe.
You hit DiddlyDoom's ghost but do no damage.
You hit the freezing wraith but do no damage.
You completely miss DiddlyDoom's ghost with your +4 short sword of venom.
You closely miss DiddlyDoom's ghost with your +4 short sword of venom.
You slice DiddlyDoom's ghost with your +2 war axe!!
You slash the freezing wraith with your +2 war axe!
The freezing wraith closely misses you. x2
You hit DiddlyDoom's ghost but do no damage.
DiddlyDoom's ghost is moderately damaged.
You closely miss the freezing wraith with your +2 war axe.
You slash something with your +2 war axe!
You hit DiddlyDoom's ghost but do no damage.
The shadow strikes at you from the darkness!
Reactivating autopickup.
You take 14 damage, and have 85/133 hp.
You closely miss the shadow with your +4 short sword of venom.
The shadow is heavily damaged.
You hit the shadow with your +2 war axe.
You hit DiddlyDoom's ghost but do no damage.
You hit the freezing wraith with your +2 war axe.
DiddlyDoom's ghost hits you! The freezing wraith hits you!
The freezing wraith freezes you!
* * * LOW HITPOINT WARNING * * *
The freezing wraith barely misses you.
You take 50 damage, and have 35/133 hp.
MASSIVE DAMAGE!!
You are too injured to fight recklessly!
You are too injured to fight recklessly!
You closely miss the shadow with your +4 short sword of venom.
The shadow is almost destroyed.
You hit the shadow with your +2 war axe.
You hit DiddlyDoom's ghost but do no damage.
You slash the freezing wraith with your +2 war axe!
The shadow hits you!
* * * LOW HITPOINT WARNING * * *
The freezing wraith hits you but does no damage. x2
DiddlyDoom's ghost hits you but does no damage.
You take 10 damage, and have 25/133 hp.
You closely miss the shadow with your +4 short sword of venom.
The shadow is almost destroyed.
You slash the shadow with your +2 war axe!
You destroy the shadow!
Trog accepts your kill.
You hit DiddlyDoom's ghost but do no damage.
You barely miss the freezing wraith with your +2 war axe.
Unknown command.
You hit DiddlyDoom's ghost with your +4 short sword of venom.
DiddlyDoom's ghost is heavily damaged.
You slash DiddlyDoom's ghost with your +2 war axe!
You slash the freezing wraith with your +2 war axe!
DiddlyDoom's ghost hits you!!
You die...

.....<...#.............#....#.#..
.........##########....#....#.#..
###########..ß.ß..#....#....#.'..
..........##.$[?.##....##'###)#..
..........#.......#...........#..
..........##.....##...........#..
....<.....#....W..#...........#..
..........###''W###...........#..
........####...W@######.......#..
........#.............#.......#..
####....#.............#.......###
...#....#.............#..........
...#....#.............#..........
...##...'.............#...#####..
....#...###...........##..# #..
..(.#.....#............#..# #..
....#.....#............#..# #.#


You could see a freezing wraith, a wraith and DiddlyDoom's ghost.

Vanquished Creatures
  A two-headed ogre (D:9)
  An arcanist (D:8)
  Pikel (D:8)
  Maurice (D:7)
  Joseph (D:7)
  A freezing wraith (D:10)
  Jeremiah (D:7)
  A troll (D:9)
  Prince Ribbit (D:7)
  A hornet (D:9)
  A shadow (D:10)
  A wyvern (D:9)
  8 yaks (D:9)
  2 steam dragons
  An acid dragon (D:8)
  Duvessa (D:7)
  4 water moccasins
  2 orc warriors
  A sky beast (D:6)
  4 ice beasts
  2 ogres
  2 centaurs
  2 lemures (D:8)
  A phantom (D:7)
  5 kobold brigands
  5 bullfrogs
  2 scorpions (D:5)
  14 wights
  Dowan (D:7)
  16 killer bees
  3 howler monkeys (D:10)
  A bombardier beetle (D:5)
  An orc priest (D:7)
  2 hounds
  4 jellies
  A gnoll bouda (D:6)
  Jessica (D:2)
  Terence (D:2)
  5 iguanas (D:5)
  A sleepcap (D:7)
  5 orc wizards
  A human simulacrum (D:9)
  8 gnolls (D:6)
  7 adders
  5 white imps
  2 dart slugs
  3 ribbon worms
  23 orcs
  7 ball pythons
  3 bats
  7 endoplasms
  2 giant cockroaches (D:1)
  11 hobgoblins
  7 jackals
  24 kobolds
  A quokka (D:1)
  5 frilled lizards
  4 goblins
  4 rats
234 creatures vanquished.

Vanquished Creatures (others)
  A human simulacrum (D:9)
1 creature vanquished.

Grand Total: 235 creatures vanquished

Notes
Turn   | Place    | Note
-------+----------+-------------------------------------------
     0 | D:1      | backslashecho the Coglin Berserker began the quest for the
                  | Orb.
     0 | D:1      | Reached XP level 1. HP: 18/18 MP: 1/1
    81 | D:1      | Reached XP level 2. HP: 17/24 MP: 2/2
   295 | D:1      | Reached skill level 1 in Short Blades
   342 | D:1      | Reached XP level 3. HP: 29/29 MP: 3/3
   505 | D:1      | Reached ** piety under Trog
   801 | D:2      | Noticed Terence
  1105 | D:2      | Noticed Jessica
  1110 | D:2      | Killed Jessica
  1111 | D:2      | Reached XP level 4. HP: 31/35 MP: 4/4
  1239 | D:2      | Found an opulent altar of Gozag.
  1529 | D:2      | Killed Terence
  1530 | D:2      | Reached skill level 4 in Axes
  1593 | D:2      | Reached XP level 5. HP: 32/42 MP: 5/5
  2064 | D:3      | Reached *** piety under Trog
  2342 | D:4      | Found a snail-covered altar of Cheibriados.
  2707 | D:5      | Entered Level 5 of the Dungeon
  2948 | D:5      | Reached XP level 6. HP: 33/48 MP: 6/6
  2951 | D:5      | Reached skill level 5 in Axes
  3031 | D:5      | Found Ynwusom's General Store.
  3039 | D:5      | Bought a potion of curing for 42 gold pieces
  3039 | D:5      | Bought 3 scrolls of identify for 84 gold pieces
  3289 | D:5      | Found Hollop's General Store.
  3582 | D:5      | Reached XP level 7. HP: 48/55 MP: 7/7
  3651 | D:5      | Reached skill level 6 in Axes
  3794 | D:5      | Reached skill level 5 in Fighting
  4360 | D:5      | Reached skill level 7 in Axes
  4469 | D:5      | Found Zaeppa Iruf's Antique Weapon Boutique.
  4762 | D:6      | Reached XP level 8. HP: 60/64 MP: 8/8
  4885 | D:6      | Found a sparkling altar of Nemelex Xobeh.
  5213 | D:6      | Reached skill level 8 in Axes
  5398 | D:6      | HP: 3/65 [something (3)]
  5847 | D:6      | Reached skill level 9 in Axes
  5997 | D:7      | Found a white marble altar of Elyvilon.
  6000 | D:7      | Found a glowing golden altar of the Shining One.
  6003 | D:7      | Found a broken altar of Ashenzari.
  6006 | D:7      | Found a bloodstained altar of Trog.
  6049 | D:7      | Reached XP level 9. HP: 56/72 MP: 9/9
  6106 | D:7      | Noticed Joseph
  6124 | D:7      | Killed Joseph
  6233 | D:7      | Reached skill level 10 in Axes
  6642 | D:7      | Noticed Jeremiah
  6657 | D:7      | Reached **** piety under Trog
  6882 | D:7      | Killed Jeremiah
  6982 | D:7      | Noticed Duvessa
  6995 | D:7      | Noticed Dowan
  6999 | D:7      | Killed Duvessa
  7003 | D:7      | Killed Dowan
  7071 | D:7      | Reached skill level 11 in Axes
  7071 | D:7      | Reached skill level 1 in Polearms
  7201 | D:7      | Found a staircase to the Ecumenical Temple.
  7202 | D:7      | Noticed Maurice
  7205 | D:7      | Reached XP level 10. HP: 79/81 MP: 10/10
  7224 | D:7      | Something stole 154 gold
  7233 | D:7      | Maurice stole a +1 mace of protection
  7619 | D:7      | Killed Maurice
  7769 | D:7      | Found Doczy's Assorted Antiques.
  7776 | D:7      | Bought a scroll labelled NUCONA USCHURYQ for 28 gold pieces
  7841 | D:7      | Found a blossoming altar of Fedhas.
  7977 | D:7      | Noticed Prince Ribbit
  7982 | D:7      | Killed Prince Ribbit
  8342 | D:8      | Reached skill level 9 in Fighting
  8342 | D:8      | Reached skill level 12 in Axes
  8418 | D:8      | Noticed an arcanist
  8430 | D:8      | Killed an arcanist
  8444 | D:8      | Identified the +0 pair of boots "Rawil" {Harm rElec}
  8507 | D:8      | Noticed Pikel
  8525 | D:8      | Killed Pikel
  9361 | D:9      | Found a hazy altar of Hepliaklqana.
  9442 | D:9      | Reached XP level 11. HP: 89/89 MP: 11/11
  9507 | D:9      | Noticed a two-headed ogre
  9519 | D:9      | Killed a two-headed ogre
  9520 | D:9      | Reached skill level 13 in Axes
  9883 | D:9      | Found an ancient bone altar of Kikubaaqudgha.
  9907 | D:9      | Found a shimmering blue altar of Sif Muna.
  9977 | D:9      | Found a staircase to the Lair.
 10021 | D:9      | Reached skill level 5 in Polearms
 10396 | D:10     | Entered Level 10 of the Dungeon
 10542 | D:10     | Found Sytim's Assorted Antiques.
 10545 | D:10     | Bought a scroll labelled ASADEVA OTI for 31 gold pieces
 10545 | D:10     | Bought a scroll labelled ASADEVA OTI for 31 gold pieces
 10878 | D:10     | Found a shimmering altar of Xom.
 10961 | D:10     | Found a runed translucent gate.
 10961 | D:10     | Found a runed translucent gate.
 10962 | D:10     | Found a runed translucent gate.
 10963 | D:10     | Noticed DiddlyDoom's ghost (journeyman GrBe)
 11204 | D:10     | Slain by DiddlyDoom's ghost

Illustrated notes

Levels and vault maps discovered:
D:1:      spicycebolla_arrival_ecumenical, layout_loops_ring
D:2:      layout_loops_ring, basic_altar, uniq_terence, uniq_jessica
D:3:      layout_rooms
D:4:      layout_rooms, mainiacjoe_overflow_paths
D:5:      kennysheep_spiral_hall, layout_gridville, serial_shops,
          shop_fountains, nicolae_shop_crystal, kennysheep_mini_moat
D:6:      layout_rooms, mainiacjoe_overflow_small_starburst,
          grunt_ministairs_15, chequers_serial_rivers_room_a, kennysheep_donut
D:7:      cheibrodos_fertilizer, layout_rooms, fedhas_altar_decomposition,
          grunt_temple_overflow_cloverleaf, minmay_temple_entry_sparse_star,
          serial_shops, nicolae_square_shop, uniq_prince_ribbit1, uniq_maurice,
          uniq_duvessa, uniq_jeremiah, uniq_joseph
D:8:      cheibrodos_wizards_tower, layout_loops_ring, kennysheep_small_square,
          uniq_pikel
D:9:      layout_irregular_city, nicolae_hepliaklqana_hazy_memory,
          mainiacjoe_overflow_boulevard, general_overflow_altar,
          lair_entry_dummy, bh_circular_ruins
D:10:     layout_irregular_city, mainiacjoe_overflow_alcove_1,
          gammafunk_ghost_spectres, serial_shops,
          nicolae_shop_tiny_real_fake_doors

Skill      XL: |  1  2  3  4  5  6  7  8  9 10 11 |
---------------+----------------------------------+-----
Armour         | 2 3 4 |  4.7
Dodging        | 2 |  2.0
Short Blades   | 1 2 |  2.0
Axes           | 4 5 7 9 11 12 13 | 13.7
Fighting       | 4 5 7 8 9 |  9.0
Polearms       | 1 4 5 |  5.3

Action                     |  1- 3 |  4- 6 |  7- 9 | 10-12 || total
---------------------------+-------+-------+-------+-------++-------
  Melee: Hand axe          |    75 |   106 |   206 |   171 ||   558
         Dagger            |    67 |   103 |   186 |       ||   356
         Trident           |       |       |    29 |   221 ||   250
         War axe           |       |       |       |    11 ||    11
         Short sword       |       |       |       |     9 ||     9
  Throw: Dart              |       |     3 |    11 |     6 ||    20
         Throwing net      |       |       |       |     2 ||     2
 Invoke: Berserk           |       |     1 |     8 |     4 ||    13
         Trog's Hand       |       |       |     2 |     3 ||     5
  Evoke: Wand              |       |       |       |     3 ||     3
    Use: Scroll            |       |     6 |     1 |     3 ||    10
         Potion            |       |       |     3 |     1 ||     4
   Stab: Sleeping          |     2 |     4 |       |     3 ||     9
         Distracted        |       |       |       |     2 ||     2
 Armour: Animal skin       |    33 |    65 |    57 |       ||   155
         Skin              |       |       |     8 |    32 ||    40
         Acid dragon scale |       |       |    45 |   113 ||   158
  Dodge: Dodged            |    53 |    59 |    88 |    72 ||   272

Table legend: (Time is in decaauts)
 A = Elapsed time spent in this place.
 B = Non-inter-level travel time spent in this place.
 C = Inter-level travel time spent in this place.
 D = Time resting spent in this place.
 E = Time spent auto-exploring this place.
 F = Levels seen in this place.
 G = Mean time per level.
                   A        B        C        D        E       F      G
               +--------+--------+--------+--------+--------+-----+--------+
         Total |  11305 |  10438 |    867 |   2224 |   6147 |  10 | 1130.5 |
       Dungeon |  11305 |  10438 |    867 |   2224 |   6147 |  10 | 1130.5 |
               +--------+--------+--------+--------+--------+-----+--------+

Top non-repeatable levels by time:
     D:5: 2001 daAuts
     D:6: 1862 daAuts
     D:7: 1472 daAuts
     D:9: 1401 daAuts
     D:2: 1020 daAuts
     D:8: 950 daAuts
     D:1: 854 daAuts
    D:10: 723 daAuts
     D:4: 583 daAuts
     D:3: 436 daAuts
